 Dungeon Crawl Stone Soup version 0.19-a0-1937-g70ed36a (webtiles) character file.

249 varam the Ruffian (level 5, -1/50 HPs)
             Began as a Troll Monk on Oct 26, 2016.
             Was a Believer of Okawaru.
             Slain by a jackal (2 damage)
             ... on level 4 of the Dungeon.
             The game lasted 00:04:59 (2071 turns).

varam the Ruffian (Troll Monk)                      Turns: 2071, Time: 00:05:00

Health: -1/50      AC:  6    Str: 20    XL:     5   Next: 87%
Magic:  1/4        EV: 12    Int:  6    God:    Okawaru [**....]
Gold:   111        SH:  0    Dex: 12    Spells: 0 memorised, 4 levels left

rFire  . . .     SeeInvis .     q - -1 flail (curse)
rCold  + . .     Gourm    +     a - +1 robe
rNeg   . . .     Faith    .     (no shield)
rPois  .         Spirit   .     (helmet restricted)
rElec  .         Reflect  .     (no cloak)
rCorr  .         Harm     .     (gloves unavailable)
MR     .....                    (boots unavailable)
Stlth  +++.......               (no amulet)
                                (no ring)
                                g - ring of protection from cold

@: heroism, drained
A: unfitting armour, claws 3, fast metabolism 3, gourmand, regeneration 1,
shaggy fur 1, tough skin 2
a: Heroism, Renounce Religion


You were on level 4 of the Dungeon.
You worshipped Okawaru.
Okawaru was pleased with you.
You were completely stuffed.

You visited 1 branch of the dungeon, and saw 4 of its levels.

You collected 111 gold pieces.

Inventory:

Hand Weapons
 q - a cursed -1 flail (weapon)
Missiles
 i - 6 tomahawks (quivered)
Armour
 a - a +1 robe (worn)
Jewellery
 g - a ring of protection from cold (left claw)
 m - an uncursed ring of protection from cold
Scrolls
 d - 2 scrolls of teleportation
 e - 2 scrolls of immolation
 f - 2 scrolls of blinking
 n - a scroll of identify {@r1}
Potions
 c - a potion of brilliance {unknown}
 j - a potion of heal wounds {unknown}
 k - a potion of lignification {unknown}
 p - a potion of cure mutation {unknown}
Comestibles
 b - 5 bread rations
 h - 9 chunks of flesh
 l - 2 beef jerkies
 o - 5 fruits


   Skills:
 - Level 2.4(6.2) Fighting
 + Level 1.9(5.7) Throwing
 - Level 2.4(6.2) Dodging
 - Level 1.0(4.8) Stealth
 * Level 6.2(9.8) Unarmed Combat


You had 4 spell levels left.
You didn't know any spells.

Dungeon Overview and Level Annotations

Branches:
Dungeon (4/15)
 Temple: D:4-7

Altars:
Cheibriados
Dithmenos
Okawaru

Annotations:
D:4 Robin


Innate Abilities, Weirdness & Mutations

You are too large for most types of armour.
You have claws for hands.
Your metabolism is lightning-fast.
You like to eat raw meat.
Your natural rate of healing is unusually fast.
You are covered in fur. (AC +1)
You have very tough skin. (AC +2)


Message History

* * * LOW HITPOINT WARNING * * *
You feel drained.
* * * LOW HITPOINT WARNING * * *
Robin says, "Duck!"
Robin hits you but does no damage.
You feel drained.
You hit Robin.
Robin is heavily wounded.
The jackal barely misses you. The jackal closely misses you.
Robin barely misses you.
You gain the combat prowess of a mighty hero.
The jackal misses you. Robin hits you with a mace of draining.
* * * LOW HITPOINT WARNING * * *
You feel drained.
* * * LOW HITPOINT WARNING * * *
You thump Robin!
Robin is almost dead.
The jackal bites you.
* * * LOW HITPOINT WARNING * * *
The jackal bites you.
You die...

...... #........
......... .........
#..#...... #.
#...>.....
#...####h.......
#....)g@......#
#...####......# #.
#.....## ##......#
#.......### ##
###.......# ....
#.....#.###
....#######.#....# ....
..............<#.##...#


You could see Robin and a jackal.

Vanquished Creatures
  A scorpion (D:4)
  An orc priest (D:4)
  An orc wizard (D:3)
  3 adders
  An ooze (D:1)
  A worm (D:3)
  4 leopard geckos
  12 orcs
  3 ball pythons
  3 giant cockroaches (D:3)
  15 goblins
  6 hobgoblins
  8 jackals
  4 quokkas (D:3)
  4 bats
  6 frilled lizards
  5 kobolds
  8 rats
86 creatures vanquished.

Notes
Turn   | Place    | Note
-------+----------+-------------------------------------------
     0 | D:1      | varam the Troll Monk began the quest for the Orb.
     0 | D:1      | Reached XP level 1. HP: 22/22 MP: 0/0
    42 | D:1      | Reached XP level 2. HP: 26/29 MP: 1/1
   174 | D:1      | Reached skill level 4 in Unarmed Combat
   257 | D:1      | Reached XP level 3. HP: 36/36 MP: 2/2
   611 | D:2      | Found a shadowy altar of Dithmenos.
   618 | D:2      | Found an iron altar of Okawaru.
   687 | D:2      | Became a worshipper of Warmaster Okawaru
   687 | D:2      | Reached * piety under Okawaru
   687 | D:2      | Reached ** piety under Okawaru
   863 | D:2      | Found a snail-covered altar of Cheibriados.
  1062 | D:3      | Reached XP level 4. HP: 43/44 MP: 3/3
  1072 | D:3      | Reached skill level 5 in Unarmed Combat
  1478 | D:3      | Reached skill level 1 in Throwing
  1544 | D:3      | Reached XP level 5. HP: 45/50 MP: 4/4
  2000 | D:4      | Reached skill level 6 in Unarmed Combat
  2041 | D:4      | Noticed Robin
  2071 | D:4      | HP: 1/50 [jackal (2)]
  2071 | D:4      | Slain by a jackal

Vault maps used:
D:1:      zaba_arrival_water
D:2:      cheibriados_altar_1, amethyst_overflow_temple_binary,
          hangedman_abyss_or_decor_lesser_grid
D:3:      first_bread, dk_noncrumbling_4
D:4:      fedhas_altar_3, uniq_menkaure, uniq_robin, uniq_natasha

Skill      XL: |  1  2  3  4  5 |
---------------+----------------+-----
Unarmed Combat | 4 5 6 |  6.2
Throwing       | 1 |  1.9
Fighting       | |  2.4
Dodging        | |  2.4
Stealth        | |  1.0

Action                   |  1- 3 |  4- 6 || total
-------------------------+-------+-------++-------
Melee: Unarmed           |   106 |    26 ||   132
       Punch             |     1 |     4 ||     5
       Flail             |       |   120 ||   120
Invok: Heroism           |       |     3 ||     3
  Use: Scroll            |       |     7 ||     7
 Stab: Sleeping          |       |     2 ||     2
  Eat: Chunk             |    15 |    10 ||    25
Armor: Robe              |    42 |    58 ||   100
Dodge: Dodged            |    57 |    80 ||   137
